 Dungeon Crawl Stone Soup version 0.15-a0-1646-g393eda0 (webtiles) character file.

21 Nikss the Firebug (level 2, 0/19 HPs)
             Began as a Demonspawn Fire Elementalist on June 22, 2014.
             Slain by an adder (4 damage)
             ... on Level 1 of the Dungeon.
             The game lasted 00:09:06 (1133 turns).

Nikss the Firebug (Demonspawn Fire Elementalist)    Turns: 1133, Time: 00:09:06

HP   0/19        AC  9     Str  8      XL: 2   Next: 65%
MP   1/5         EV  9     Int 16      God:
Gold 39          SH  0     Dex 13      Spells:  1 memorised,  4 levels left

rFire  . . .     SeeInvis .     d - +0 dagger
rCold  . . .     Clarity  .     i - +0 ring mail
rNeg   . . .     rCorr    .     (no shield)
rPois  .         rRot     .     (no helmet)
rElec  .         Spirit   .     (no cloak)
SustAb .         Warding  .     (no gloves)
rMut   .         Stasis   .     (no boots)
Gourm  .                        (no amulet)
MR     .....                    (no ring)
                                (no ring)

@: very slightly contaminated, not resistant to hostile enchantments, very
unstealthy
A: iridescent scales 1
a: no special abilities


You were on level 1 of the Dungeon.
You were not hungry.

You visited 1 branch of the dungeon, and saw 2 of its levels.

You collected 39 gold pieces.

Inventory:

Hand weapons
 d - a +0 dagger (weapon)
 g - a +0 club
Missiles
 l - 15 stones (quivered)
Armour
 a - a +0 robe
 e - a +0 robe
 i - a +0 ring mail (worn)
Comestibles
 c - a bread ration
 f - a beef jerky
 n - a meat ration
Scrolls
 h - a scroll of noise
Jewellery
 j - a cursed -3 ring of strength {unknown}
Books
 b - a book of Flames

   Spells                             Type                      Level
   *Flame Tongue                      Conjuration/Fire             1
   Throw Flame                        Conjuration/Fire             2
   Conjure Flame                      Conjuration/Fire             3
   Inner Flame                        Hexes/Fire                   3
   Sticky Flame                       Conjuration/Fire             4
   Fireball                           Conjuration/Fire             5


   Skills:
 + Level 1.9 Dodging
 + Level 2.1 Stealth
 + Level 2.4 Spellcasting
 + Level 1.2 Conjurations
 + Level 2.9 Fire Magic


You had 4 spell levels left.
You knew the following spells:

 Your Spells              Type           Power        Failure   Level  Hunger
a - Flame Tongue          Conj/Fire      #....        21%         1    #......


Dungeon Overview and Level Annotations

Branches:
Dungeon (2/15)

Altars:


Innate Abilities, Weirdness & Mutations

You are partially covered in iridescent scales (AC +4).


Message History

The hobgoblin is moderately wounded.
The adder barely misses you. The hobgoblin barely misses you.
You barely miss the hobgoblin.
The hobgoblin is moderately wounded.
The adder barely misses you. The hobgoblin closely misses you.
You hit the hobgoblin.
The hobgoblin is heavily wounded.
The adder bites you but does no damage. The hobgoblin barely misses you.
The adder closely misses you.
You hit the hobgoblin but do no damage.
The hobgoblin is heavily wounded.
The adder barely misses you. The hobgoblin barely misses you.
You closely miss the hobgoblin.
The hobgoblin is heavily wounded.
The adder closely misses you. The hobgoblin closely misses you.
You hit the hobgoblin.
The hobgoblin is severely wounded.
The adder bites you but does no damage. The hobgoblin closely misses you.
The adder bites you.
You die...

##...#.## ##...#### #.......#
*##.....# #...# ####.#### #.##..#
#...# #.# #.##..# #...#
#####.####
##.##..#######...#####........#
##...#..##..............##.###.##
%....#...........................
##...#.###..............##.##.###
#####.# ######.@g#####.##.##.#
#..# #S..# #.##....# ## #.##
#...# #.#####.# .# #.# #...#
#.#####.# .####.# #...#
#.......### ......#
##.############.##. .######
#.#.......# #.##. .#
##########.#.#####.# #.##. .#
#...............##.# #....


You could see an adder and a hobgoblin.

Vanquished Creatures
  A ball python (D:1)
  4 bats (D:1)
  A goblin (D:1)
  2 hobgoblins (D:1)
  A giant newt (D:1)
  16 rats (D:1)
25 creatures vanquished.

Notes
Turn   | Place    | Note
--------------------------------------------------------------
     0 | D:1      | Nikss, the Demonspawn Fire Elementalist, began the quest for the Orb.
     0 | D:1      | Reached XP level 1. HP: 13/13 MP: 3/3
   280 | D:1      | Gained mutation: You are partially covered in iridescent scales (AC +4). [demonic ancestry]
   280 | D:1      | Reached XP level 2. HP: 17/19 MP: 1/4
  1133 | D:1      | Slain by an adder

Action                   || total
-------------------------++-------
Melee: Unarmed           ||     5
       Dagger            ||    24
 Cast: Flame Tongue      ||    36
  Use: Scroll            ||     3
